 Dungeon Crawl Stone Soup version 0.28-b1-25-g9875b3fc8c (webtiles) character file.

Game seed: 7211682139386823885

317 tsouns the Skirmisher (level 6, 0/71 HPs)
             Began as an Ogre Fighter on Feb 8, 2022.
             Was an Initiate of Makhleb.
             Slain by an iguana (11 damage)
             ... on level 4 of the Dungeon.
             The game lasted 00:06:28 (3959 turns).

tsouns the Skirmisher (Ogre Fighter)                Turns: 3959, Time: 00:06:28

Health: 0/71       AC:  3    Str: 21    XL:     6   Next: 45%
Magic:  6/6        EV:  8    Int: 11    God:    Makhleb [......]
Gold:   93         SH:  6    Dex:  8    Spells: 5/5 levels left

rFire   . . .      SeeInvis +   a - +1 flail (vorpal)
rCold   . . .      Faith    .   c - +0 kite shield
rNeg    . . .      Spirit   .   b - +0 robe
rPois   .          Reflect  .   (helmet restricted)
rElec   .          Harm     .   (no cloak)
rCorr   .          Rampage  .   (gloves unavailable)
Will    +....                   (boots unavailable)
Stlth   +.........              (no amulet)
HPRegen 0.21/turn               f - ring of willpower
MPRegen 0.10/turn               g - ring of see invisible

@: no status effects
A: large, unfitting armour, tough skin 1
a: Renounce Religion


You were on level 4 of the Dungeon.
You worshipped Makhleb.
Makhleb was noncommittal.
You visited 1 branch of the dungeon, and saw 5 of its levels.

You collected 93 gold pieces.

Inventory:

Hand Weapons
 a - a +1 vorpal flail (weapon)
Missiles
 n - 6 boomerangs (quivered)
Armour
 b - a +0 robe (worn)
 c - a +0 kite shield (worn)
Jewellery
 f - a ring of willpower (left hand)
 g - a ring of see invisible (right hand)
Scrolls
 k - 3 scrolls of vulnerability
 l - a scroll of fog
Potions
 e - a potion of curing


   Skills:
 + Level 7.1(3.5) Fighting
 + Level 4.4(2.2) Maces & Flails
 - Level 2.6(1.3) Dodging
 - Level 2.6(1.3) Shields


You had 5 spell levels left.
You didn't know any spells.
Your spell library was empty.

Dungeon Overview and Level Annotations

Branches:
Dungeon (5/15)
 Temple: D:4-7

Altars:
Ashenzari
Dithmenos
Makhleb

Shops:
D:3 *


Innate Abilities, Weirdness & Mutations

You are too large for most types of armour.
You have tough skin. (AC +1)


Message History

The phantom hits you.
You hit the phantom.
The phantom is severely damaged.
The phantom hits you. You block the phantom's attack.
You miss the phantom.
The phantom is severely damaged.
You block the phantom's attack.
You barely miss the phantom.
The phantom is severely damaged.
You block the phantom's attack. The iguana barely misses you.
The phantom hits you but does no damage.
You hit the phantom.
The phantom is severely damaged.
The iguana bites you!
* * * LOW HITPOINT WARNING * * *
The phantom hits you but does no damage.
The iguana barely misses you.
You thump the phantom!
You destroy the phantom!
Makhleb accepts your kill. You block the iguana's attack.
Your base Fighting skill increases to level 7!
The iguana barely misses you.
Throw: throwing net
Press: ? - help, Q - select action, (/) - cycle Shift-Dir - straight line, f - iguana
Aim: an iguana (58% to hit)
You throw a throwing net.
The throwing net barely misses the iguana.
The iguana barely misses you.
An iguana is nearby!
Unknown command.
Really read the scroll of torment?
As you read the scroll of torment, it crumbles to dust.
Your body is wracked with pain!
* * * LOW HITPOINT WARNING * * *
The iguana convulses!
You hit the iguana but do no damage.
The iguana is heavily wounded.
The iguana bites you!
You die...

#######
....>.################
#####......##...##...##
######....[>).)...#####
## ##...............#
.## #.....@l....#.#.#
..## #.........(.._..#
#..#####
##..........#.###
##.....# ##...##......#
#####.## ###.#########
#..# #.# ##.######..#
#..[.....## #####..###


You could see an iguana.

Vanquished Creatures
  A phantom (D:4)
  An orc priest (D:4)
  2 orc wizards
  2 gnolls (D:5)
  4 adders
  A shadow imp (D:4)
  An ufetubus (D:4)
  An adder skeleton (D:4)
  2 worms (D:3)
  2 dart slugs
  7 orcs
  11 ball pythons
  7 endoplasms
  4 giant cockroaches
  6 goblins
  7 hobgoblins
  9 bats
  2 frilled lizards
  A kobold (D:2)
  9 rats
80 creatures vanquished.

Notes
Turn   | Place    | Note
-------+----------+-------------------------------------------
     0 | D:1      | tsouns the Ogre Fighter began the quest for the Orb.
     0 | D:1      | Reached XP level 1. HP: 24/24 MP: 1/1
   225 | D:1      | Reached XP level 2. HP: 31/33 MP: 2/2
   289 | D:1      | Found a faded altar of an unknown god.
   296 | D:1      | Prayed at the altar of an unknown god.
   296 | D:1      | Became a worshipper of Ashenzari the Shackled
  1152 | D:2      | Reached XP level 3. HP: 41/41 MP: 3/3
  1448 | D:2      | Reached skill level 5 in Fighting
  2209 | D:2      | Reached XP level 4. HP: 27/50 MP: 4/4
  2756 | D:3      | Reached XP level 5. HP: 59/59 MP: 5/5
  2810 | D:3      | Found Nethro's General Store.
  2841 | D:3      | Found a burning altar of Makhleb.
  2846 | D:3      | Fell from the grace of Ashenzari
  2846 | D:3      | Became a worshipper of Makhleb the Destroyer
  3115 | D:4      | Reached skill level 6 in Fighting
  3499 | D:4      | Found a shadowy altar of Dithmenos.
  3842 | D:4      | Noticed a black bear
  3883 | D:5      | Entered Level 5 of the Dungeon
  3906 | D:5      | Noticed a phantom
  3910 | D:5      | Reached XP level 6. HP: 66/68 MP: 6/6
  3931 | D:4      | Reached skill level 7 in Fighting
  3959 | D:4      | Slain by an iguana

Illustrated notes

Levels and vault maps discovered:
D:1:      lightli_arrival_noodles, layout_loops_corners,
          dilly_ecumenical_altar_fadedgnrine, hex_medium
D:2:      layout_loops_ring, amcnicky_mini_pool_small, st_stairs_14
D:3:      layout_rooms, lightli_temple_of_fire, serial_shops, shop_fountains
D:4:      layout_rooms, lemuel_crystal_altar
D:5:      layout_basic, portal_sewer_entry_d, uniq_ijyb

Skill      XL: |  1  2  3  4  5  6 |
---------------+-------------------+-----
Maces & Flails | 2 3 4 |  4.4
Fighting       | 5 6 7 |  7.1
Dodging        | |  2.6
Shields        | |  2.6

Action                   |  1- 3 |  4- 6 || total
-------------------------+-------+-------++-------
Melee: Flail             |   140 |   125 ||   265
Throw: Throwing net      |       |     1 ||     1
  Use: Scroll            |       |     9 ||     9
       Potion            |       |     2 ||     2
 Stab: Sleeping          |     1 |       ||     1
Armor: Robe              |    41 |    38 ||    79
Dodge: Dodged            |    62 |    56 ||   118
Block: Kite shield       |    63 |    62 ||   125
